 Dungeon Crawl Stone Soup version 0.31-b1-20-g67cafac56d (webtiles) character file.

Game seed: 1716593213401566468

2 Esekla the Sneak (level 1, -7/16 HPs)
             Began as an Octopode Delver on Jan 17, 2024.
             Mangled by a sleepcap (9 damage)
             ... on level 6 of the Dungeon.
             The game lasted 00:03:11 (267 turns).

Esekla the Sneak (Octopode Delver)                   Turns: 267, Time: 00:03:12

Health: -7/16      AC:  1    Str: 11    XL:     1   Next: 30%
Magic:  1/1        EV: 13    Int: 12    God:
Gold:   18         SH:  0    Dex: 13    Spells: 0/0 levels left

rFire   . . .        a - +0 falchion
rCold   . . .        (no shield)
rNeg    . . .        (helmet restricted)
rPois   .            (no amulet)
rElec   .            (no ring)
rCorr   .            (no ring)
SInv    .            (no ring)
Will    .....        (no ring)
Stlth   ++++         (no ring)
HPRegen 0.22/turn    (no ring)
MPRegen 0.07/turn    (no ring)
                     (no ring)

%: no passive effects
@: no status effects
A: almost no armour, amphibious, 8 rings, camouflage 1, gelatinous body 1,
(nimble swimmer 1), tentacles
a: no special abilities


You were on level 6 of the Dungeon.
You visited 1 branch of the dungeon, and saw 2 of its levels.

You collected 18 gold pieces.

Inventory:

Hand Weapons
 a - a +0 falchion (weapon)
Wands
 f - a wand of digging (3)
Scrolls
 b - a scroll of fog
 c - a scroll of poison {unknown}
 d - 2 scrolls of fear
 g - 2 scrolls of identify {unknown}
Potions
 h - a potion of might {unknown}


   Skills:
 * Level 3.0 Fighting
 * Level 2.0 Long Blades
 * Level 2.0 Dodging
 + Level 6.6 Stealth


You couldn't memorise any spells.
You didn't know any spells.
Your spell library contained the following spells:

 Spells                   Type           Power      Damage    Failure   Level
 Static Discharge         Conj/Air       0%         3-3/arc   45%         2
 Airstrike                Air            0%         2d(0-16)  97%         4
 Summon Lightning Spire   Summ/Air       0%         N/A       97%         4


Dungeon Overview and Level Annotations

Branches:
Dungeon (6/15)
 Temple: D:4-7

Altars:
Okawaru
Uskayaw

Shops:
D:5 [(


Innate Abilities, Weirdness & Mutations

You cannot wear most types of armour.
You are amphibious.
You can wear up to eight rings at the same time.
Your skin changes colour to match your surroundings (Stealth+).
Your rubbery body absorbs attacks. (AC +1, EV +1)
((You are camouflaged when in or above water. (Stealth+)))
You have tentacles for arms and can constrict up to eight enemies at once.


Message History

Found a robe.
Found a mace.
A black bear comes into view.
Found a scale mail.
An ice beast comes into view.
Found 13 gold pieces.
The black bear growls angrily.
The phantom hits you.
The phantom blinks!
You blink.
Okay, then.
The phantom hits you.
The phantom blinks!
You blink.
The phantom attacks as it pursues you!
The phantom hits you but does no damage.
There is a stone staircase leading down here.
You climb downwards.
Found 12 gold pieces.
There is a stone staircase leading up here.
You now have 18 gold pieces (gained 12).
A phantom and a sleepcap come into view.
Found a chain mail.
The sleepcap attacks as it pursues you! The sleepcap barely misses you.
You hit the sleepcap but do no damage. You grab the sleepcap.
You constrict the sleepcap, but do no damage.
The sleepcap releases spores at you.
You hit the sleepcap but do no damage. You squeeze the sleepcap!
The sleepcap is moderately damaged.
You constrict the sleepcap. The sleepcap releases spores at you.
You are engulfed in a cloud of soporific spores!
You fall asleep.
You lose your grip on the sleepcap.
The sleepcap releases spores at you!
You wake up.
Ouch! That really hurt!
* * * LOW HITPOINT WARNING * * *
You are engulfed in a cloud of soporific spores!
You are unaffected.
You hit the sleepcap. You grab the sleepcap.
The sleepcap is heavily damaged.
You constrict the sleepcap, but do no damage.
The sleepcap releases spores at you!
Ouch! That really hurt!
You die...

#.# .. .. #.#
#.. ...### #.#
#... ......###
#.# ...#
#...##
#.###...#
###..###.#...#
##.......###
##........# #
#..##@##.#..#
#<###f##....#
#.# #.......W
..# #......[#
..## ##.######
... .# #### ##


You could see a sleepcap.

Vanquished Creatures
  An orc (D:5)
1 creature vanquished.

Notes
Turn   | Place    | Note
-------+----------+-------------------------------------------
     0 | D:5      | Esekla the Octopode Delver began the quest for the Orb.
     0 | D:5      | Reached XP level 1. HP: 16/16 MP: 1/1
    15 | D:5      | Noticed a phantom
    28 | D:5      | Noticed a centaur
    42 | D:5      | Found an iron altar of Okawaru.
    91 | D:5      | Found a hide-covered altar of Uskayaw.
   126 | D:5      | Found Nuc Sikh's Armour Shop.
   138 | D:5      | Noticed a scorpion
   139 | D:5      | Found Biryal's Antique Weapon Shoppe.
   166 | D:5      | Noticed a black bear
   180 | D:5      | Noticed an ice beast
   260 | D:6      | Noticed a phantom
   260 | D:6      | Noticed a sleepcap
   267 | D:6      | Mangled by a sleepcap

Illustrated notes

Levels and vault maps discovered:
D:5:      layout_basic, mainiacjoe_overflow_two_lobes, serial_shops,
          nicolae_shop_advertising_works [nicolae_subvault_shop_adworks],
          nicolae_take_the_stairs, uniq_crazy_yiuf_cottage
D:6:      layout_rooms, nicolae_qazlal_beasts_of_the_sky, uniq_prince_ribbit1,
          uniq_jeremiah

Action                     || total
---------------------------++-------
  Melee: Falchion          ||     5
         Constrict         ||     3
         Tentacles         ||     1
    Use: Scroll            ||     1
         Potion            ||     1
 Armour: Skin              ||    10
  Dodge: Dodged            ||     4
